 Dungeon Crawl Stone Soup version 0.30-a0-1075-gcd70e7a56d (webtiles) character file.

Game seed: 4411132935243380566

270 dracfodder the Chopper (level 6, 0/37 HPs)
             Began as a Gargoyle Reaver on Apr 14, 2023.
             Slain by a hobgoblin (1 damage)
             ... led by Robin
             ... on level 4 of the Dungeon.
             The game lasted 00:22:30 (4067 turns).

dracfodder the Chopper (Gargoyle Reaver)            Turns: 4067, Time: 00:22:30

Health: 0/37       AC:  6    Str: 22    XL:     6   Next: 22%
Magic:  5/9        EV: 11    Int: 21    God:
Gold:   90         SH:  5    Dex:  8    Spells: 3/9 levels left

rFire   . . .      SeeInvis +    a - +0 hand axe
rCold   . . .      Faith    .    (no shield)
rNeg    + . .      Spirit   .    f - +0 leather armour
rPois   ∞          Reflect  +    (no helmet)
rElec   +          Rampage  .    (no cloak)
rCorr   .                        (no gloves)
Will    .....                    (no boots)
Stlth   +                        j - amulet of reflection
HPRegen 0.26/turn                g - +6 ring of strength
MPRegen 0.11/turn                l - ring of Hobuobr Bumu {Int+6 SInv}

@: no status effects
A: sickness immunity, AC +4, negative energy resistance 1, electricity
resistance, torment resistance 1, petrification resistance, deformed body,
mutation resistance 1
a: no special abilities


You were on level 4 of the Dungeon.
You visited 1 branch of the dungeon, and saw 4 of its levels.

You collected 90 gold pieces.

Inventory:

Hand Weapons
 a - a +0 hand axe (weapon)
Missiles
 d - 30 stones
 k - 6 javelins
Armour
 e - a +3 chain mail of cold resistance
 f - a +0 leather armour (worn)
 h - a +2 ring mail of fire resistance
Jewellery
 g - a +6 ring of strength (left hand)
 j - an amulet of reflection (around neck)
 l - the ring of Hobuobr Bumu (right hand) {Int+6 SInv}
   (You acquired it on level 2 of the Dungeon)

   [ring of intelligence]

   Int:       It affects your intelligence (+6).
   SInv:      It lets you see invisible.
Wands
 b - a wand of iceblast (10)
Scrolls
 o - a scroll of magic mapping


   Skills:
 + Level 3.3 Fighting
 + Level 3.9 Axes
 + Level 0.2 Throwing
 + Level 2.7 Armour
 + Level 2.1 Dodging
 + Level 0.7 Stealth
 + Level 1.0 Shields
 + Level 2.3 Spellcasting
 + Level 3.9 Conjurations
 + Level 0.3 Translocations
 + Level 0.3 Ice Magic


You had 3 spell levels left.
You knew the following spells:

 Your Spells              Type           Power      Damage    Failure   Level
a - Kiss of Death         Conj/Necr      40%        2d8       8%          1
b - Momentum Strike       Conj/Tloc      22%        3d8       11%         2
c - Hailstorm             Conj/Ice       11%        3d5       21%         3

Your spell library contained the following spells:

 Spells                   Type           Power      Damage    Failure   Level


Dungeon Overview and Level Annotations

Branches:
Dungeon (4/15)
 Temple: D:4-7

Altars:
Kikubaaqudgha

Annotations:
D:4 Robin


Innate Abilities, Weirdness & Mutations

You are immune to sickness and miasma.
Your stone body is resilient. (AC +4)
You are immune to poison.
You resist negative energy. (rN+)
You are resistant to electric shocks. (rElec)
You are resistant to unholy torment.
You are immune to petrification.
Armour fits poorly on your strangely shaped body.
You are somewhat resistant to further mutation.


Message History

* * * LOW HITPOINT WARNING * * *
The orc barely misses you. Robin throws the goblin at you!
You barely miss the orc. You closely miss the goblin.
The orc hits you with a +0 mace.
* * * LOW HITPOINT WARNING * * *
You block the goblin's attack.
You aren't carrying any potions.
Okay, then.
Aiming: Momentum Strike (safe; 11% risk of failure)
Press: ? - help, Q - select action, (/) - cycle Dir - move target, f - orc
Aim: an orc, wielding a +0 mace (68% to hit)
The concentrated momentum hits the orc!
You kill the orc!
You are unable to move.
The goblin hits you but does no damage.
You hit the goblin.
You kill the goblin!
You hit the goblin but do no damage.
The goblin unwields a +2 sling of draining.
The goblin wields a +0 dagger.
The goblin hits you with a +0 dagger.
* * * LOW HITPOINT WARNING * * *
The goblin shouts!
You slash the goblin!
You kill the goblin!
Your magical contamination has completely faded away.
You hit the hobgoblin but do no damage. The hobgoblin barely misses you.
Robin throws the goblin at you! The goblin closely misses you.
You hit the hobgoblin.
The hobgoblin is heavily wounded.
You hit the goblin.
You are no longer robbed of momentum.
The hobgoblin hits you but does no damage.
The goblin hits you with a +0 dagger.
* * * LOW HITPOINT WARNING * * *
The hobgoblin closely misses you. The goblin hits you with a +0 dagger.
* * * LOW HITPOINT WARNING * * *
You hit the goblin.
You kill the goblin!
You closely miss the hobgoblin. The hobgoblin hits you.
You die...

.# .# .# .# .###
...
##.#.#######g#.#
......)@ggggg>.#
##.#..###g##g..#
#. #.# ...# ..
#.# g..# .[ #..
g..# .. ... ..g#
. #####..# ..g


You could see Robin, 4 hobgoblins and 3 goblins.

Vanquished Creatures
  A black bear (D:3)
  A hound (D:2)
  An orc priest (D:3)
  2 adders (D:2)
  3 gnolls (D:3)
  6 orcs
  5 ball pythons
  3 endoplasms (D:1)
  5 giant cockroaches
  16 goblins
  3 hobgoblins
  3 jackals (D:1)
  2 quokkas
  5 bats
  3 frilled lizards
  6 kobolds
  7 rats
72 creatures vanquished.

Vanquished Creatures (others)
  9 plants
  4 withered plants (D:3)
13 creatures vanquished.

Grand Total: 85 creatures vanquished

Notes
Turn   | Place    | Note
-------+----------+-------------------------------------------
     0 | D:1      | dracfodder the Gargoyle Reaver began the quest for the Orb.
     0 | D:1      | Reached XP level 1. HP: 12/12 MP: 3/3
   154 | D:1      | Reached XP level 2. HP: 16/16 MP: 5/5
   350 | D:1      | Learned a level 2 spell: Momentum Strike
   514 | D:1      | Reached XP level 3. HP: 22/22 MP: 3/6
   624 | D:1      | Learned a level 3 spell: Hailstorm
  1306 | D:2      | Identified a scroll of acquirement
  1306 | D:2      | Acquired the ring of Hobuobr Bumu {Int+6 SInv}
  1310 | D:2      | Gained mutation: Armour fits poorly on your strangely
                  | shaped body. [potion of mutation]
  1310 | D:2      | Gained mutation: You are strong-willed. (Will+) [potion of
                  | mutation]
  1311 | D:2      | Lost mutation: You are strong-willed. (Will+) [potion of
                  | mutation]
  1311 | D:2      | Lost mutation: Armour fits poorly on your strangely shaped
                  | body. [potion of mutation]
  1311 | D:2      | Gained mutation: Armour fits poorly on your strangely
                  | shaped body. [potion of mutation]
  1311 | D:2      | Gained mutation: You are somewhat resistant to further
                  | mutation. [potion of mutation]
  1329 | D:2      | Reached skill level 1 in Armour
  1329 | D:2      | Reached XP level 4. HP: 25/27 MP: 5/7
  1926 | D:3      | Reached XP level 5. HP: 11/32 MP: 6/8
  2037 | D:3      | Found an ancient bone altar of Kikubaaqudgha.
  3512 | D:3      | Noticed a black bear
  3517 | D:3      | Killed a black bear
  3518 | D:3      | Reached skill level 1 in Shields
  3518 | D:3      | Reached XP level 6. HP: 33/37 MP: 3/9
  4049 | D:4      | Noticed Robin
  4066 | D:4      | HP: 1/37 [goblin/+0 dagger[Robin] (3)]
  4067 | D:4      | Slain by a hobgoblin

Illustrated notes

Levels and vault maps discovered:
D:1:      dpeg_arrival_connections, layout_basic, chequers_serial_rivers_micro_b
D:2:      wad_lake_hut, layout_loops_ring, hangedman_decor_clover_reticule,
          guppyfry_early_lair_pool
D:3:      layout_basic, kiku_gazebo_garden_becter, serial_forest,
          infiniplex_forest_clump_small, infiniplex_forest_zigzag_1,
          infiniplex_forest_lined_room_2, infiniplex_forest_lined_1,
          infiniplex_forest_clump_C, infiniplex_forest_end_2,
          infiniplex_forest_zigzag_1, infiniplex_forest_lined_room_,
          chequers_serial_rivers_marsh
D:4:      layout_basic, uniq_blork_the_orc, uniq_robin

Skill      XL: |  1  2  3  4  5 |
---------------+----------------+-----
Axes           | 3 |  3.9
Armour         | 1 2 |  2.7
Fighting       | 3 |  3.3
Dodging        | 2 |  2.1
Shields        | 1 |  1.0
Throwing       | |  0.2
Stealth        | |  0.7
Spellcasting   | |  2.3
Conjurations   | |  3.9
Translocations | |  0.3
Ice Magic      | |  0.3

Action                     |  1- 3 |  4- 6 || total
---------------------------+-------+-------++-------
  Melee: Hand axe          |    72 |   169 ||   241
         Punch             |       |     2 ||     2
  Throw: Stone             |       |    10 ||    10
         Javelin           |       |     1 ||     1
   Cast: Kiss of Death     |     1 |       ||     1
         Momentum Strike   |     7 |     7 ||    14
         Hailstorm         |       |     5 ||     5
    Use: Scroll            |     3 |     8 ||    11
         Potion            |     2 |     3 ||     5
 Armour: Leather armour    |    34 |    46 ||    80
         Skin              |       |    16 ||    16
         Chain mail        |       |     9 ||     9
  Dodge: Dodged            |    43 |    91 ||   134
  Block: Other             |     7 |    35 ||    42
         Reflection        |       |     1 ||     1

Table legend: (Time is in decaauts)
 A = Elapsed time spent in this place.
 B = Non-inter-level travel time spent in this place.
 C = Inter-level travel time spent in this place.
 D = Time resting spent in this place.
 E = Time spent auto-exploring this place.
 F = Levels seen in this place.
 G = Mean time per level.
                   A        B        C        D        E       F      G
               +--------+--------+--------+--------+--------+-----+--------+
         Total |   4172 |   3848 |    324 |    829 |   2405 |   4 | 1043.0 |
       Dungeon |   4172 |   3848 |    324 |    829 |   2405 |   4 | 1043.0 |
               +--------+--------+--------+--------+--------+-----+--------+

Top non-repeatable levels by time:
     D:3: 1708 daAuts
     D:1: 1271 daAuts
     D:2: 1173 daAuts
     D:4: 19 daAuts
